 Dungeon Crawl Stone Soup version 0.27.1-4-g1640c2035a (webtiles) character file.

Game seed: 10680299995189297143

29 Descartes the Scratcher (level 3, -1/15 HPs)
             Began as a Felid Transmuter on Nov 1, 2021.
             Slain by a quokka (5 damage)
             ... on level 1 of the Dungeon.
             The game lasted 00:02:16 (724 turns).

Descartes the Scratcher (Felid Transmuter)           Turns: 724, Time: 00:02:16

Health: -1/15      AC:  1    Str:  7    XL:     3   Next: 1%
Magic:  7/7        EV: 17    Int: 14    God:
Gold:   25         SH:  0    Dex: 16    Spells: 5/6 levels left
                                        Lives:  0   Deaths: 0

rFire    . . .     SeeInvis +     - Unarmed
rCold    . . .     Faith    .   (shield unavailable)
rNeg     . . .     Spirit   .   (armour unavailable)
rPois    .         Reflect  .   (helmet unavailable)
rElec    .         Harm     .   (cloak unavailable)
rCorr    .         Rampage  .   (gloves unavailable)
Will     .....                  (boots unavailable)
Stlth    +.........             (no amulet)
HPRegen  0.05/turn              (no ring)
MPRegen  0.10/turn              (no ring)

@: quick
A: very small, claws 1, fangs 3, see invisible, speed 1, shaggy fur 1, stealthy
paws, no weapons or thrown items, no armour, multi-lived
a: no special abilities


You were on level 1 of the Dungeon.
You visited 1 branch of the dungeon, and saw 1 of its levels.

You collected 25 gold pieces.

Inventory:

Scrolls
 b - a scroll of enchant armour {unknown}
 c - a scroll of silence {unknown}
Potions
 a - a potion of brilliance {unknown}


   Skills:
 - Level 1.0 Fighting
 - Level 2.6 Dodging
 + Level 4.2 Unarmed Combat
 - Level 2.0 Spellcasting
 - Level 2.1 Transmutations


You had 5 spell levels left.
You knew the following spells:

 Your Spells              Type           Power      Damage    Failure   Level
a - Beastly Appendage     Tmut           14%        N/A       10%         1

Your spell library contained the following spells:

 Spells                   Type           Power      Damage    Failure   Level
 Wereblood                Tmut           7%         N/A       14%         2
 Spider Form              Tmut/Pois      2%         N/A       41%         3
 Ice Form                 Ice/Tmut       4%         N/A       83%         4


Dungeon Overview and Level Annotations

Branches:
Dungeon (1/15)

Altars:


Innate Abilities, Weirdness & Mutations

You have sharp claws.
You have razor-sharp teeth.
You have supernaturally acute eyesight. (SInv)
You cover ground quickly. (Speed+)
You are covered in fur. (AC +1)
Your paws help you pounce on unaware monsters.
You are incapable of wielding weapons or throwing items.
You cannot wear armour.
You gain extra lives every three experience levels.


Message History

The quokka completely misses you. The goblin misses you.
The jackal closely misses you. The jackal misses you.
You scratch the jackal.
You kill the jackal!
The quokka bites you. The jackal misses you. The hobgoblin closely misses you.
The goblin misses you.
The jackal bites you but does no damage.
The jackal bites you. The quokka bites you.
* * * LOW HITPOINT WARNING * * *
The jackal closely misses you. The hobgoblin closely misses you.
You scratch the hobgoblin.
You kill the hobgoblin!
The jackal completely misses you.
You scratch the jackal. Your bite misses the jackal.
The jackal is severely wounded.
The jackal completely misses you.
You barely miss the jackal.
The jackal is severely wounded.
The jackal misses you. The jackal completely misses you.
You completely miss the jackal. You bite the jackal, but do no damage.
The jackal is severely wounded.
The jackal misses you.
You scratch the jackal.
You kill the jackal!
You have reached level 3!
Your experience leads to an increase in your attributes!
Increase (S)trength, (I)ntelligence, or (D)exterity?
You feel stronger.
You scratch the quokka. You bite the quokka.
The quokka is severely wounded.
The quokka bites you.
* * * LOW HITPOINT WARNING * * *
You completely miss the quokka.
The quokka is severely wounded.
The quokka barely misses you.
You scratch the quokka.
The quokka is almost dead.
The quokka bites you.
You die...

#.........### ###..########
#.......#...# #..#
###.......###.# ##.#
..........# #.## .#
.##.......###..#### .#
.##...........)...## #####
.##........###..#..##PPPP##
.##......#.#
##..#..#PPPPP##
..######.....
##@##.'PPPPPP_ ..#
#.....###r####P...P## ..#
#........h...#..P.## ..#
########.....#############
..# ######h..†g........ ..#
#####w........ ..#
#.†....... ..# #.........
..# #.........


You could see a quokka and a jackal.

Vanquished Creatures
  2 dart slugs (D:1)
  4 endoplasms (D:1)
  A giant cockroach (D:1)
  2 goblins (D:1)
  3 hobgoblins (D:1)
  5 jackals (D:1)
  A ball python (D:1)
  2 bats (D:1)
  A rat (D:1)
21 creatures vanquished.

Notes
Turn   | Place    | Note
-------+----------+-------------------------------------------
     0 | D:1      | Descartes the Felid Transmuter began the quest for the Orb.
     0 | D:1      | Reached XP level 1. HP: 9/9 MP: 4/4
   266 | D:1      | Reached XP level 2. HP: 9/12 MP: 6/6
   645 | D:1      | Reached skill level 4 in Unarmed Combat
   684 | D:1      | Found a faded altar of an unknown god.
   722 | D:1      | Reached XP level 3. HP: 5/15 MP: 7/7
   724 | D:1      | Slain by a quokka

Illustrated notes

Levels and vault maps discovered:
D:1:      dpeg_arrival_simpleton_b, layout_rooms,
          shapermc_ecumenical_altar_flowoftime, hangedman_abyss_or_decor_stabs

Skill      XL: |  1  2 |
---------------+-------+-----
Unarmed Combat | 4 |  4.2
Fighting       | |  1.0
Dodging        | |  2.6
Spellcasting   | |  2.0
Transmutations | |  2.1

Action                   || total
-------------------------++-------
Melee: Unarmed           ||    50
       Bite              ||     6
 Stab: Sleeping          ||     3
Armor: Skin              ||     6
Dodge: Dodged            ||    73
